AoeStats
← 战丶无双

Arena

510872805Analyzed
4v4 RM · 19h ago on Oct 2, 2026· 40m 51s· 8 players
Game mode
Random Map
Map size
Large (8 player)
Population
200
Speed
Normal
Resources
Standard
Victory
Conquest
Starting age
Dark Age
Ending age
Imperial Age
RankedLock teamsTeams togetherTeam positionsShared explorationLock speedFull tech treeHidden civsTurbo modeCheats
Victory
Defeat
🇨🇳 Byzantines · China
969
+17
🇲🇽 Khmer · Mexico
939
+18
🇺🇸 Danes · United States
935
+18
🇺🇸 Japanese · United States
913
+19
🇦🇷 Britons · Argentina
991
-18
🇧🇷 Burgundians · Brazil
987
-18
🇲🇽 Wei · Mexico
984
-18
🇦🇷 Aztecs · Argentina
974
-18
marcobecerrap
10:45 Feudal Age
11:51 Double-Bit Axe
12:51 Wheelbarrow
15:17 Castle Age
13:18 Horse Collar
16:31 Hand Cart
17:12 Loom
17:13 Town Watch
25:33 Bow Saw
26:53 Stone Mining
28:01 Gold Mining
30:24 Thumb Ring
30:05 Elite Skirmisher
30:51 Fletching
31:01 Padded Archer Armor
32:04 Bodkin Arrow
33:18 Ballistics
34:13 Town Patrol
37:13 Imperial Age
35:34 Leather Archer Armor
37:39 Fortified Wall
39:50 Bracer
40:21 Ring Archer Armor
R-WAGNER
2:47 Loom
10:35 Feudal Age
14:59 Castle Age
13:36 Stone Mining
19:01 Gold Mining
19:12 Double-Bit Axe
20:19 Town Watch
22:56 Fletching
35:02 Wheelbarrow
38:27 Imperial Age
37:41 Bodkin Arrow
37:56 Forging
Will
9:45 Feudal Age
9:39 Loom
14:27 Castle Age
12:40 Horse Collar
13:09 Double-Bit Axe
14:35 Bow Saw
14:57 Heavy Plow
16:49 Husbandry
17:45 Scale Barding Armor
21:04 Gold Mining
22:49 Forging
24:08 Wheelbarrow
23:53 Stone Mining
24:25 Cavalier
28:02 Gold Shaft Mining
28:18 Iron Casting
28:37 Crop Rotation
29:09 Chain Barding Armor
29:40 Burgundian Vineyards
34:02 Imperial Age
33:58 Stone Shaft Mining
34:27 Two-Man Saw
34:08 Paladin
35:06 Hand Cart
35:52 Conscription
37:34 Blast Furnace
39:45 Plate Barding Armor
AveMiller
10:45 Feudal Age
13:50 Horse Collar
20:01 Castle Age
21:55 Loom
22:46 Wheelbarrow
22:15 Heavy Plow
22:31 Forging
22:21 Scale Mail Armor
25:53 Scale Mail Armor
27:18 Eagle Warrior
27:59 Squires
28:27 Elite Skirmisher
30:42 Iron Casting
30:22 Chain Mail Armor
31:10 Hand Cart
31:19 Fletching
32:09 Town Watch
33:13 Bodkin Arrow
33:56 Gold Mining
34:24 Padded Archer Armor
35:18 Gold Shaft Mining
37:29 Imperial Age
35:34 Leather Archer Armor
35:10 Pikeman
36:23 Town Patrol
37:38 Atlatl
38:46 Conscription
39:50 Plate Mail Armor
40:20 Blast Furnace
39:38 Caravan
41:09 Blast Furnace
dafr1997
10:09 Feudal Age
10:45 Loom
14:06 Castle Age
14:40 Double-Bit Axe
14:42 Horse Collar
15:29 Heavy Plow
22:20 Gold Mining
29:12 Imperial Age
28:24 Wheelbarrow
28:11 Redemption
28:15 Fervor
28:25 Sanctity
31:42 Hand Cart
31:11 Heavy Scorpion
36:25 Bloodlines
36:16 Husbandry
36:01 Light Cavalry
37:41 Scale Barding Armor
37:47 Forging
37:15 Hussar
39:35 Tusk Swords
39:57 Conscription
39:56 Town Watch
40:59 Iron Casting
41:05 Theocracy
Akranon
11:02 Feudal Age
12:16 Double-Bit Axe
15:36 Horse Collar
15:57 Loom
19:03 Castle Age
17:10 Gold Mining
17:36 Stone Mining
17:51 Fletching
19:59 Wheelbarrow
19:53 Bodkin Arrow
22:14 Bow Saw
26:41 Hand Cart
27:38 Guard Tower
29:22 Ballistics
29:15 Fortified Wall
28:56 Town Watch
29:52 Padded Archer Armor
30:37 Scale Mail Armor
30:48 Yasama
31:21 Forging
32:23 Squires
32:42 Chain Mail Armor
32:15 Gambesons
32:16 Arson
32:47 Heavy Plow
32:41 Pikeman
32:44 Man-at-Arms
34:50 Iron Casting
34:31 Leather Archer Armor
34:22 Scale Barding Armor
34:29 Husbandry
34:01 Long Swordsman
38:14 Imperial Age
35:22 Elite Skirmisher
37:59 Fervor
38:10 Sanctity
38:12 Thumb Ring
39:23 Kataparuto
39:24 Conscription
39:50 Hoardings
40:20 Keep
39:26 Treadmill Crane
39:32 Arrowslits
40:48 Chemistry
39:45 Murder Holes
40:01 Masonry
40:19 Bracer
40:32 Siege Engineers
41:49 Two-Man Saw
战丶无双
10:47 Feudal Age
11:53 Horse Collar
12:30 Double-Bit Axe
14:47 Castle Age
17:48 Bow Saw
22:37 Wheelbarrow
23:57 Gold Mining
24:01 Stone Mining
26:26 Loom
26:59 Hand Cart
29:15 Imperial Age
26:36 Treadmill Crane
27:06 Scale Barding Armor
27:13 Forging
27:20 Heavy Plow
28:26 Gold Shaft Mining
28:28 Stone Shaft Mining
29:02 Chain Barding Armor
29:20 Iron Casting
29:07 Ballistics
30:02 Fletching
31:13 Conscription
31:57 Two-Man Saw
31:00 Padded Archer Armor
32:03 Chemistry
30:59 Bodkin Arrow
32:12 Crop Rotation
32:07 Logistica
32:19 Thumb Ring
33:12 Leather Archer Armor
32:59 Bracer
32:50 Elite Skirmisher
34:00 Murder Holes
34:28 Husbandry
33:50 Heavy Camel Rider
36:08 Ring Archer Armor
36:18 Plate Barding Armor
36:48 Hoardings
36:18 Elite Cataphract
Chef_boyar_dee
10:59 Feudal Age
14:47 Castle Age
13:01 Horse Collar
13:14 Double-Bit Axe
13:46 Loom
16:28 Bow Saw
22:43 Fletching
23:47 Bodkin Arrow
26:36 Scale Barding Armor
26:35 Scale Mail Armor
30:09 Chain Mail Armor
30:05 Forging
34:09 Imperial Age
37:42 Conscription
38:54 Hoardings
40:41 Wheelbarrow
Connection lost

Rejoining the realm…

Still unreachable

The connection could not be restored.

Session expired

The server has moved on; the page needs a fresh start.